 Dungeon Crawl Stone Soup version 0.28.0 (webtiles) character file.

Game seed: 16920442362941108436

6174 Hasart the Martial Artist (level 10, -2/97 HPs)
             Began as a Demigod Transmuter on Feb 13, 2022.
             Slain by a human (8 damage)
             ... on level 8 of the Dungeon.
             The game lasted 00:18:42 (12151 turns).

Hasart the Martial Artist (Demigod Transmuter)     Turns: 12151, Time: 00:18:42

Health: -2/97      AC:  8    Str: 11    XL:     10   Next: 34%
Magic:  19/21      EV: 12    Int: 27    God:
Gold:   207        SH:  0    Dex: 14    Spells: 10/19 levels left

rFire   x . .      SeeInvis .     - Unarmed
rCold   + + +      Faith    .   (shield currently unavailable)
rNeg    . . .      Spirit   .   (armour currently unavailable)
rPois   +          Reflect  .   (helmet currently unavailable)
rElec   .          Harm     .   (cloak currently unavailable)
rCorr   .          Rampage  .   (gloves currently unavailable)
Will    +....                   (boots currently unavailable)
Stlth   +.........              (no amulet)
HPRegen 0.26/turn               c - ring of flight
MPRegen 0.17/turn               (no ring)

@: ice-form, wereblooded, flying
A: freezing attack, amphibious, boosted hp, large, high MP 1, forlorn, divine
attributes
a: End Transformation


You were on level 8 of the Dungeon.
You were a creature of crystalline ice.
You visited 1 branch of the dungeon, and saw 8 of its levels.
You also visited: Ossuary and Bailey.

You collected 458 gold pieces.
You spent 251 gold pieces at shops.

Inventory:

Missiles
 n - 8 javelins
 A - 2 throwing nets
Armour
 a - a +0 cloak (melded)
 i - a +1 helmet (melded)
 w - the +2 robe of Paranoia (melded) {rN+}
   (You bought it in a shop on level 2 of the Dungeon)

   rN:        It protects you from negative energy.
Jewellery
 c - a ring of flight (left front paw)
Wands
 e - a wand of flame (22)
Scrolls
 f - 3 scrolls of fear
 g - 3 scrolls of teleportation
 h - 7 scrolls of identify
 k - 2 scrolls of blinking
 u - a scroll of silence
 y - a scroll of summoning
Potions
 b - 3 potions of mutation {unknown}
 d - 3 potions of flight {unknown}
 j - 2 potions of brilliance {unknown}
 l - 6 potions of heal wounds
 m - 5 potions of curing {unknown}
 o - 2 potions of resistance {unknown}
 q - 2 potions of might {unknown}
 r - a potion of experience {unknown}
 s - a potion of haste {unknown}
 v - 3 potions of lignification {unknown}
 x - a potion of berserk rage {unknown}
 z - a potion of attraction {unknown}


   Skills:
 + Level 5.2 Fighting
 + Level 5.6 Dodging
 * Level 8.2 Unarmed Combat
 + Level 5.0 Spellcasting
 + Level 5.5 Transmutations
 + Level 4.4 Ice Magic
 + Level 4.7 Poison Magic


You had 10 spell levels left.
You knew the following spells:

 Your Spells              Type           Power      Damage    Failure   Level
b - Wereblood             Tmut           37%        N/A       1%          2
c - Spider Form           Tmut/Pois      34%        N/A       2%          3
d - Ice Form              Ice/Tmut       33%        N/A       9%          4

Your spell library contained the following spells:

 Spells                   Type           Power      Damage    Failure   Level
 Beastly Appendage        Tmut           74%        N/A       1%          1
 Magic Dart               Conj           24%        1d4       7%          1
 Call Imp                 Summ           6%         N/A       11%         2
 Mephitic Cloud           Conj/Pois/Air  15%        N/A       11%         3
 Conjure Ball Lightning   Conj/Air       3%         3x3d6     100%        6
 Discord                  Hex            3%         N/A       100%        8
 Disjunction              Tloc           3%         N/A       100%        8


Dungeon Overview and Level Annotations

Branches:
Dungeon (8/15)             Temple (0/1) D:7         Ossuary (visited)
 Bailey (visited)
   Lair: D:8-11

Shops:
D:2 [?(!*


Innate Abilities, Weirdness & Mutations

You are a creature of crystalline ice.
You have a powerful freezing melee attack.
You are amphibious.
Your maximum health is increased.
Your armour is entirely melded.
You are incapable of wielding weapons or throwing items.
You have an increased reservoir of magic. (+10% MP)
You shall have no god before yourself.
Your divine heritage dramatically boosts your attributes as you level up.


Message History

The human hits you with a +0 war axe!
You hit the human but do no damage.
The human is severely wounded.
The human hits you with a +2 vorpal hand axe.
You hit the human but do no damage.
The human is severely wounded.
The human hits you with a +0 war axe. The human hits you but does no damage.
You barely miss the human.
The human is severely wounded.
The human barely misses you.
The human hits you with a +2 vorpal hand axe.
You barely miss the human.
The human is severely wounded.
The human hits you with a +0 war axe.
The human hits you with a +2 vorpal hand axe.
* * * LOW HITPOINT WARNING * * *
x2 You pummel the human!!
You freeze the human.
You feel a bit better.
You kill the human!
Unknown command.
You punch the human! You freeze the human.
The human is moderately wounded.
You hit the human but do no damage.
The human is moderately wounded.
The human hits you with a +2 vorpal hand axe!
* * * LOW HITPOINT WARNING * * *
x2 The human hits you but does no damage.
A bullfrog comes into view.
There is a gate leading back out of this place here.
The human closely misses you.
The human hits you with a +2 vorpal hand axe.
* * * LOW HITPOINT WARNING * * *
x2 Welcome back to the Dungeon!
You howl as the wereblood boils in your veins!
There is an empty arch of ancient stone here.
Unknown command.
The human misses you. The human barely misses you.
The human hits you with a +2 vorpal hand axe!
* * * LOW HITPOINT WARNING * * *
x2 The human hits you with a +0 vorpal hand axe!
You die...

...###....).....##...#
.. ...#
##.....#....†...## .
...# #..####...†.....#
...# #### ##.≈≈≈≈≈≈≈.#
....# #..≈≈####≈.#
....#
####..≈≈#.>#≈....
....#
#.....(()..#≈.....
....#
#......≈≈'..#≈.##...
....# #......≈≈Yp.#≈.#
... #......≈≈#p∩#≈.#
.. #......≈≈####
##.....≈≈≈ #...<....
#......... #......
#......


You could see 2 humans.

Vanquished Creatures
  Joseph (D:8)
  Grinder (D:5)
  A wyvern (D:8)
  5 yaks (D:8)
  Sigmund (D:3)
  A human (Bailey)
  Menkaure (D:7)
  2 water moccasins (D:7)
  Duvessa (D:4)
  2 hornet zombies (Ossuary)
  A sky beast (D:4)
  A necrophage (D:6)
  8 ogres
  A centaur (D:6)
  A kobold brigand (D:8)
  A gnoll sergeant (D:6)
  4 wyvern zombies (Ossuary)
  2 scorpions (D:5)
  7 water moccasin zombies (Ossuary)
  A wyvern skeleton (D:6)
  Dowan (D:4)
  3 water moccasin skeletons
  4 killer bees (D:7)
  A howler monkey (D:7)
  6 centaur zombies
  7 bullfrog zombies
  A centaur skeleton (D:5)
  3 hounds
  3 orc priests
  3 jellies (D:6)
  2 gnoll shamans
  Jessica (D:3)
  Natasha (thrice) (D:3)
  4 iguanas
  2 orc wizards
  Terence (D:3)
  3 killer bee zombies (Ossuary)
  11 mummies
  4 howler monkey zombies (Ossuary)
  12 gnolls
  8 adders
  An adder skeleton (D:4)
  2 worms
  2 dart slugs
  16 orcs
  5 ball pythons
  3 bats (D:1)
  2 endoplasms (D:2)
  5 giant cockroaches
  8 goblins
  7 hobgoblins
  2 jackals (D:2)
  10 kobolds
  2 frilled lizards
  A hobgoblin zombie (D:7)
  An orc zombie (D:7)
  6 rats
199 creatures vanquished.

Vanquished Creatures (collateral kills)
  A hound (D:7)
1 creature vanquished.

Vanquished Creatures (others)
  A fungus (D:6)
1 creature vanquished.

Grand Total: 201 creatures vanquished

Notes
Turn   | Place    | Note
-------+----------+-------------------------------------------
     0 | D:1      | Hasart the Demigod Transmuter began the quest for the Orb.
     0 | D:1      | Reached XP level 1. HP: 15/15 MP: 5/5
   240 | D:1      | Reached skill level 1 in Fighting
   405 | D:1      | Reached XP level 2. HP: 20/23 MP: 7/7
   451 | D:1      | Learned a level 2 spell: Wereblood
   725 | D:1      | Reached skill level 3 in Unarmed Combat
  1235 | D:2      | Found Baxto's Weapon Emporium.
  1311 | D:2      | Found Hobaewom's General Store.
  1573 | D:2      | Reached XP level 3. HP: 15/28 MP: 6/8
  1786 | D:2      | Found Futwi's Antique Armour Boutique.
  1799 | D:2      | Found Ymec's Magic Scroll Shoppe.
  1801 | D:2      | Found Solioc's Distillery.
  1804 | D:2      | Bought a scroll of blinking for 75 gold pieces
  2254 | D:3      | Noticed Jessica
  2286 | D:3      | Killed Jessica
  2552 | D:3      | Noticed Sigmund
  2571 | D:2      | Reached XP level 4. HP: 27/36 MP: 10/10
  2575 | D:2      | Learned a level 3 spell: Spider Form
  3026 | D:3      | Killed Sigmund
  3027 | D:3      | Reached skill level 4 in Unarmed Combat
  3027 | D:3      | Reached skill level 1 in Poison Magic
  3027 | D:3      | Reached XP level 5. HP: 34/41 MP: 8/11
  3029 | D:3      | Noticed Terence
  3041 | D:3      | Killed Terence
  3516 | D:3      | Reached XP level 6. HP: 48/48 MP: 10/12
  3660 | D:3      | Noticed Natasha
  3669 | D:3      | Killed Natasha
  3808 | D:3      | Noticed Natasha
  3819 | D:3      | Killed Natasha
  4326 | D:4      | Reached XP level 7. HP: 56/56 MP: 11/14
  4348 | D:4      | Learned a level 4 spell: Ice Form
  4921 | D:4      | Noticed Duvessa
  4931 | D:4      | Killed Duvessa
  4932 | D:4      | Reached skill level 5 in Unarmed Combat
  4934 | D:4      | Noticed Dowan
  4944 | D:4      | Killed Dowan
  4945 | D:4      | Reached skill level 1 in Ice Magic
  5762 | D:5      | Entered Level 5 of the Dungeon
  6171 | D:5      | Reached XP level 8. HP: 42/63 MP: 10/16
  6355 | D:5      | Noticed Grinder
  6382 | D:5      | Killed Grinder
  6970 | D:3      | Noticed Natasha
  6974 | D:3      | Killed Natasha
  7015 | D:2      | Bought a heavily jewelled robe for 176 gold pieces
  7015 | D:2      | Identified the +2 robe of Paranoia {rN+} (You bought it in
                  | a shop on level 2 of the Dungeon)
  7490 | D:6      | Reached skill level 6 in Unarmed Combat
  8315 | D:6      | Saw a vision of the Swamp and the Spider Nest.
  8315 | D:6      | Noticed a goliath frog
  8315 | D:6      | Noticed an alligator
  8315 | D:6      | Noticed an alligator
  8315 | D:6      | Noticed a hornet
  8318 | D:6      | Noticed an alligator
  8874 | D:7      | Noticed Menkaure
  8882 | D:7      | Killed Menkaure
  8883 | D:7      | Reached XP level 9. HP: 21/71 MP: 14/18
  9061 | D:7      | Found a sand-covered staircase.
  9069 | Ossuary  | Entered an ossuary
  9395 | Ossuary  | Reached skill level 7 in Unarmed Combat
  9772 | Ossuary  | Reached skill level 5 in Dodging
  9848 | Ossuary  | Reached skill level 5 in Transmutations
 10238 | D:7      | Found a staircase to the Ecumenical Temple.
 11128 | D:7      | Reached XP level 10. HP: 57/80 MP: 18/20
 11729 | D:8      | Noticed Joseph
 11739 | D:8      | Killed Joseph
 11839 | D:8      | Reached skill level 5 in Fighting
 11889 | D:8      | Reached skill level 8 in Unarmed Combat
 11895 | D:8      | Reached skill level 5 in Spellcasting
 11938 | D:8      | Found a flagged portal.
 11991 | Bailey   | Entered a bailey
 12151 | D:8      | Slain by a human

Illustrated notes

Levels and vault maps discovered:
D:1:      dpeg_arrival_round_b, layout_loops_ring,
          chequers_serial_rivers_micro_b
D:2:      layout_loops_ring, shapermc_ecumenical_altar_mp_vishouse,
          serial_shops, nicolae_square_shop, shop,
          nicolae_shop_advertising_works [nicolae_subvault_shop_adworks],
          nicolae_shop_crystal, nicolae_shop_waterfront, basic_altar
D:3:      layout_basic, old_standard_altar, uniq_natasha, uniq_terence,
          uniq_sigmund, uniq_jessica
D:4:      layout_basic, nemelex_diamond_rough_becter,
          grunt_dithmenos_smoke_and_mirrors, uniq_duvessa
D:5:      layout_layer_cave, gammafunk_temple_overflow_elements,
          grunt_decor_one_mirror, minmay_stone_trees_medium, uniq_grinder
D:6:      layout_loops_ring, grunt_ashenzari_visionary
          [grunt_ashenzari_visionary_swamp, grunt_ashenzari_visionary_spider],
          marbit_many_paths, grunt_ministairs_1
D:7:      layout_layer_cave, minmay_temple_entry_sparse_star,
          nicolae_ossuary_entry_giza, uniq_menkaure
D:8:      layout_cave_pods, serial_column_ruins, column_ruins_corridor_straight,
          column_ruins_columns_straight, column_ruins_corridor_straight,
          column_ruins_corridor_dead_end, column_ruins_open_small,
          enter_bailey_4, uniq_joseph

Skill      XL: |  1  2  3  4  5  6  7  8  9 10 |
---------------+-------------------------------+-----
Fighting       | 1 2 3 4 5 |  5.2
Transmutations | 2 3 4 5 |  5.5
Dodging        | 2 3 4 5 |  5.6
Spellcasting   | 2 3 4 5 |  5.0
Unarmed Combat | 3 4 5 6 7 8 |  8.2
Poison Magic   | 1 2 3 4 |  4.7
Ice Magic      | 1 2 4 |  4.4

Action                   |  1- 3 |  4- 6 |  7- 9 | 10-12 || total
-------------------------+-------+-------+-------+-------++-------
Melee: Unarmed           |   111 |    99 |   431 |    83 ||   724
       Kick              |     7 |     9 |     5 |       ||    21
       Punch             |     4 |     3 |     2 |       ||     9
       Headbutt          |     5 |     6 |     2 |       ||    13
 Cast: Beastly Appendage |     9 |     8 |     4 |       ||    21
       Wereblood         |     1 |       |    19 |     4 ||    24
       Spider Form       |       |     7 |    15 |       ||    22
       Ice Form          |       |       |    27 |     5 ||    32
  Use: Scroll            |       |       |     8 |     4 ||    12
 Stab: Sleeping          |     2 |       |     1 |       ||     3
       Distracted        |       |       |     1 |       ||     1
Armor: Robe              |    22 |     7 |    16 |       ||    45
       Skin              |       |     3 |    87 |    22 ||   112
Dodge: Dodged            |    71 |    65 |   229 |    49 ||   414
